AoeStats
← igor41

Pilgrims

509166041Analyzed
2v2 RM · 7d ago on Sep 25, 2026· 24m 59s· 4 players
Game mode
Random Map
Map size
Medium (4 player)
Population
200
Speed
Normal
Resources
Standard
Victory
Conquest
Starting age
Dark Age
Ending age
Imperial Age
RankedLock teamsTeams togetherTeam positionsShared explorationLock speedFull tech treeHidden civsTurbo modeCheats
Victory
Defeat
🇨🇭 Romans · Switzerland
904
+15
🇵🇱 Saracens · Poland
879
+16
🇫🇷 Goths · France
904
-17
🇫🇷 Khmer · France
838
-14
igor41
14:05 Feudal Age
12:25 Loom
18:56 Castle Age
23:04 Wheelbarrow
22:20 Man-at-Arms
Charlon
13:28 Feudal Age
18:08 Loom
malolepszy.adrian
9:24 Feudal Age
10:48 Wheelbarrow
10:08 Double-Bit Axe
11:31 Fishing Lines
20:22 Castle Age
20:17 Scale Barding Armor
20:24 Forging
21:51 Gillnets
22:37 Bow Saw
22:47 Hand Cart
PetteriNummelin
7:57 Loom
11:41 Feudal Age
14:53 Wheelbarrow
14:04 Town Watch
16:11 Double-Bit Axe
16:50 Man-at-Arms
18:41 Scale Mail Armor
18:52 Forging
21:56 Castle Age
22:54 Chain Mail Armor
22:02 Long Swordsman
22:43 Squires
23:23 Iron Casting
23:11 Hand Cart
25:05 Ballistics
27:23 Imperial Age
Connection lost

Rejoining the realm…

Still unreachable

The connection could not be restored.

Session expired

The server has moved on; the page needs a fresh start.